 Seeded DCSS version 0.30-a0-743-gbfdf073431 (webtiles) character file.

Game seed: 5430720872467839093 (custom seed)

130 hbarley the Chopper (level 5, 46/46 HPs)
             Began as a Hill Orc Fighter on Feb 5, 2023.
             Quit the game on level 2 of the Dungeon.
             The game lasted 00:04:02 (1579 turns).

hbarley the Chopper (Hill Orc Fighter)              Turns: 1579, Time: 00:04:03

Health: 46/46      AC:  9    Str: 25    XL:     5   Next: 14%
Magic:  5/5        EV:  9    Int:  8    God:
Gold:   41         SH:  5    Dex: 18    Spells: 4/4 levels left

rFire   . . .      SeeInvis +    o - +1 war axe (freeze)
rCold   . . .      Faith    .    c - +0 buckler
rNeg    . . .      Spirit   .    b - +0 scale mail
rPois   .          Reflect  .    t - +1 helmet {SInv}
rElec   .          Harm     .    (no cloak)
rCorr   .          Rampage  .    (no gloves)
Will    .....                    (no boots) Stlth
                                 (no amulet)
HPRegen 0.27/turn                m - +6 ring of strength
MPRegen 0.09/turn                u - +6 ring of dexterity

@: studying Shields
A: no striking features
a: no special abilities


You were on level 2 of the Dungeon.
You visited 1 branch of the dungeon, and saw 2 of its levels.

You collected 69 gold pieces.
You spent 28 gold pieces at shops.

Inventory:

Hand Weapons
 a - a +0 war axe
 o - a +1 war axe of freezing (weapon)
Armour
 b - a +0 scale mail (worn)
 c - a +0 buckler (worn)
 t - a +1 helmet of see invisible (worn)
Jewellery
 m - a +6 ring of strength (left hand)
 p - a ring of protection from cold
 u - a +6 ring of dexterity (right hand)
Scrolls
 f - a scroll of torment {unknown}
 g - 3 scrolls of amnesia {unknown}
 h - a scroll of identify
 k - a scroll of noise {unknown}
 l - a scroll of teleportation {unknown}
 n - a scroll of brand weapon {unknown}
 q - a scroll of fog {unknown}
 r - a scroll of immolation {unknown}
 s - a scroll of enchant armour {unknown}
Potions
 d - a potion of might
 e - a potion of mutation {unknown}
 i - a potion of attraction {unknown}
 j - 2 potions of curing {unknown}


   Skills:
 + Level 4.2 Fighting
 + Level 4.8 Axes
 + Level 4.0 Armour
 + Level 0.6 Dodging
 + Level 3.9 Shields


You had 4 spell levels left.
You didn't know any spells.
Your spell library was empty.

Dungeon Overview and Level Annotations

Branches:
Dungeon (2/15)

Altars:

Shops:
D:2 ?


Message History

The goblin shouts!
The goblin hits you but does no damage.
You closely miss the goblin. You block the goblin's attack.
You hit the goblin.
You kill the goblin!
Found 9 gold pieces.
You see here a +0 dagger.
Found a scroll labelled YMAALE IKAA.
s - a scroll labelled YMAALE IKAA You now have 41 gold pieces (gained 9).
A bat comes into view.
A bat is nearby!
The bat closely misses you. The bat hits you but does no damage.
You slash the bat!
You kill the bat!
Things that are here:
a +0 club; a gnoll corpse
Things that are here:
a +0 flail; a gnoll corpse
Found a robe.
Done exploring.
As you read the scroll of identify, it crumbles to dust.
o - 4 scrolls of acquirement Something appears at your feet!
You see here a manual of Shields.
Something appears at your feet! Something appears at your feet!
Something appears at your feet!
o - a +1 war axe of freezing;
t - a +1 helmet of see invisible
u - a +6 ring of dexterity You pick up a manual of Shields and begin studying.
Your +1 war axe of freezing glows with a cold blue light!
o - a +1 war axe of freezing (weapon)
You start putting on your armour.
You continue putting on your +1 helmet of see invisible. x4
You finish putting on your +1 helmet of see invisible.
You feel perceptive.
You feel agile.
u - a +6 ring of dexterity (right hand) Are you sure you want to abandon this character and quit the game? (Confirm with "yes".)

#.......#.# #..#.#
#...###.#.##########..#.##
#.......#..........#..#..#
##.(..........####......∩.
##.#########..........###
#.# #..........# #.#
#.########.# #.#########.#
#.### #......@....# #....
############# #####


There were no monsters in sight!

Vanquished Creatures
  A necrophage (D:2)
  3 gnolls (D:2)
  An adder (D:2)
  3 bats
  5 endoplasms
  4 goblins
  2 hobgoblins
  4 jackals (D:1)
  5 kobolds
  2 quokkas (D:1)
  2 ball pythons (D:1)
  A frilled lizard (D:2)
  A rat (D:1)
34 creatures vanquished.

Notes
Turn   | Place    | Note
-------+----------+-------------------------------------------
     0 | D:1      | hbarley the Hill Orc Fighter began the quest for the Orb.
     0 | D:1      | Reached XP level 1. HP: 19/19 MP: 1/1
    60 | D:1      | Reached XP level 2. HP: 26/27 MP: 2/2
   802 | D:1      | Reached XP level 3. HP: 33/33 MP: 3/3
  1081 | D:2      | Found Doddoiw's Magic Scroll Shoppe.
  1087 | D:2      | Bought a scroll of identify for 28 gold pieces
  1175 | D:2      | Noticed a necrophage
  1178 | D:2      | Killed a necrophage
  1179 | D:2      | Reached XP level 4. HP: 34/40 MP: 4/4
  1349 | D:2      | Reached XP level 5. HP: 38/46 MP: 5/5
  1566 | D:2      | Identified 4 scrolls of acquirement
  1567 | D:2      | Acquired a +6 ring of dexterity
  1568 | D:2      | Acquired a manual of Shields
  1569 | D:2      | Acquired a +1 war axe of freezing
  1570 | D:2      | Acquired a +1 helmet of see invisible
  1579 | D:2      | Quit the game

Illustrated notes

Levels and vault maps discovered:
D:1:      dpeg_arrival_boxes_within_box, layout_basic
D:2:      layout_loops_ring, serial_shops, shop, nicolae_kite_square_tiling_tiny

Skill      XL: |  1  2  3  4 |
---------------+-------------+-----
Fighting       | 4 |  4.2
Axes           | 3 4 |  4.8
Armour         | 4 |  4.0
Dodging        | |  0.6
Shields        | |  3.9

Action                     |  1- 3 |  4- 6 || total
---------------------------+-------+-------++-------
  Melee: War axe           |    60 |    15 ||    75
    Use: Scroll            |       |     5 ||     5
 Armour: Scale mail        |    28 |     6 ||    34
  Dodge: Dodged            |    33 |     8 ||    41
  Block: Buckler           |    27 |     3 ||    30

Table legend: (Time is in decaauts)
 A = Elapsed time spent in this place.
 B = Non-inter-level travel time spent in this place.
 C = Inter-level travel time spent in this place.
 D = Time resting spent in this place.
 E = Time spent auto-exploring this place.
 F = Levels seen in this place.
 G = Mean time per level.
                   A        B        C        D        E       F      G
               +--------+--------+--------+--------+--------+-----+--------+
         Total |   1606 |   1478 |    128 |      0 |   1231 |   2 |  803.0 |
       Dungeon |   1606 |   1478 |    128 |      0 |   1231 |   2 |  803.0 |
               +--------+--------+--------+--------+--------+-----+--------+

Top non-repeatable levels by time:
     D:1: 976 daAuts
     D:2: 629 daAuts
